 Dungeon Crawl Stone Soup version 0.27-a0-1196-g3e9cee4cb2 (webtiles) character file.

Game seed: 17313945348204761534

69761 wakim the Grappler (level 14, -1/140 HPs)
             Began as a Troll Fighter on May 27, 2021.
             Was an Elder of Qazlal.
             Slain by a komodo dragon (10 damage)
             ... while petrified by a basilisk
             ... on level 5 of the Lair of Beasts.
             The game lasted 00:49:45 (19132 turns).

wakim the Grappler (Troll Fighter)                 Turns: 19132, Time: 00:49:46

Health: -1/140     AC: 16    Str: 26    XL:     14   Next: 91%
Magic:  21/21      EV:  1    Int: 13    God:    Qazlal [****..]
Gold:   789        SH:  0    Dex: 21    Spells: 13/13 levels left

rFire    + + +     SeeInvis .     - Unarmed
rCold    x . .     Faith    .   m - +1 tower shield {rF+}
rNeg     + + +     Spirit   .   E - quicksilver dragon scales of Yleherr {Will+ rCorr Dex+5 Stlth-}
rPois    ∞         Reflect  .   z - +0 hat of Vide {Rampage rF+ Int+3 Dex+4}
rElec    +         Harm     .   h - +2 ratskin cloak {*Rats rPois rN+ Str-1 Int-1 Dex+1}
rCorr    +         Rampage  +   (gloves unavailable)
Will     ++...                  (boots unavailable)
Stlth    ..........             s - amulet of regeneration
HPRegen  2.33/turn              A - ring "Qytsiaji" {Fire rElec Str-3 Int+6 Dex+2}
MPRegen  0.17/turn              b - ring of flight

@: petrified, flying, repel missiles
A: large, unfitting armour, claws 3, regeneration 1, shaggy fur 1, tough skin 1
a: Renounce Religion, Upheaval, Elemental Force


You were on level 5 of the Lair of Beasts.
You worshipped Qazlal.
Qazlal was greatly pleased with you.
You visited 3 branches of the dungeon, and saw 22 of its levels.
You visited 1 bazaar.
You also visited: Gauntlet.

You collected 2226 gold pieces.
You spent 1437 gold pieces at shops.

Inventory:

Missiles
 a - 8 silver javelins
 e - 86 poisoned darts (quivered)
 i - 4 atropa-tipped darts
 j - 2 javelins
 n - 7 curare-tipped darts {=f}
Armour
 h - the +2 ratskin cloak (worn) {*Rats rPois rN+ Str-1 Int-1 Dex+1}
   (You found it on level 6 of the Dungeon)

   It affects your strength (-1).
   It affects your intelligence (-1).
   It affects your dexterity (+1).
   It protects you from poison.
   It protects you from negative energy.
 k - a +1 kite shield of reflection
 m - a +1 tower shield of fire resistance (worn)
 q - a +0 kite shield of protection
 z - the +0 hat of Vide (worn) {Rampage rF+ Int+3 Dex+4}
   (You found it in a Gauntlet)

   It affects your intelligence (+3).
   It affects your dexterity (+4).
   It protects you from fire.
   It bestows one free step when moving towards enemies.
 E - the quicksilver dragon scales of Yleherr (worn) {Will+ rCorr Dex+5 Stlth-}
   (You acquired it on level 14 of the Dungeon)

   It affects your dexterity (+5).
   It protects you from acid and corrosion.
   It increases your willpower.
   It makes you less stealthy.
Jewellery
 b - a ring of flight (right claw)
 f - a +6 ring of strength
 l - a +6 ring of intelligence
 o - an amulet of reflection
 p - the amulet "Echajo" {Spirit Will+}
   (You acquired it on level 14 of the Dungeon)

   [amulet of guardian spirit]

   It causes incoming damage to be divided between your reserves of health and
   magic.
   It increases your willpower.
 s - an amulet of regeneration (around neck)
 A - the ring "Qytsiaji" (left claw) {Fire rElec Str-3 Int+6 Dex+2}
   (You found it on level 1 of the Lair of Beasts)

   [ring of fire]

   It enhances your fire magic.
   It affects your strength (-3).
   It affects your intelligence (+6).
   It affects your dexterity (+2).
   It protects you from fire.
   It makes you vulnerable to cold.
   It insulates you from electricity.
Wands
 t - a wand of digging (2)
 u - a wand of mindburst (16)
 v - a wand of flame (11)
 w - a wand of acid (7)
 x - a wand of iceblast (16)
 y - a wand of paralysis (16)
 F - a wand of charming (11)
Scrolls
 c - a scroll of brand weapon
 d - a scroll of enchant armour
 r - 3 scrolls of identify
 R - 2 scrolls of magic mapping {!r}
 T - 6 scrolls of teleportation
 U - 7 scrolls of fear
 X - 4 scrolls of fog
 Y - 2 scrolls of blinking {!r}
Potions
 g - 4 potions of curing
 B - 2 potions of attraction {!q}
 C - 2 potions of berserk rage {!q}
 D - 2 potions of brilliance
 H - 4 potions of haste
 I - 2 potions of invisibility
 J - 5 potions of heal wounds
 K - a potion of magic
 L - 3 potions of lignification {!q}
 M - a potion of mutation {!q}
 N - a potion of might


   Skills:
 - Level 9.0 Fighting
 - Level 5.0 Armour
 + Level 8.3 Dodging
 * Level 10.7 Shields
 + Level 14.1 Unarmed Combat
 * Level 11.0 Invocations


You had 13 spell levels left.
You didn't know any spells.
Your spell library contained the following spells:

 Spells                   Type           Power      Damage    Failure   Level
 Beastly Appendage        Tmut           0%         N/A       75%         1
 Summon Small Mammal      Summ           0%         N/A       75%         1
 Blink                    Tloc           N/A        N/A       86%         2
 Call Canine Familiar     Summ           0%         N/A       98%         3
 Gell's Gravitas          Tloc           0%         N/A       98%         3
 Lesser Beckoning         Tloc           0%         N/A       98%         3
 Spider Form              Tmut/Pois      0%         N/A       98%         3
 Teleport Other           Tloc           0%         N/A       98%         3
 Irradiate                Conj/Tmut      0%         3d14      100%        5
 Manifold Assault         Tloc           0%         N/A       100%        5
 Blade Hands              Tmut           0%         N/A       100%        6
 Statue Form              Tmut/Erth      0%         N/A       100%        6
 Dragon Form              Tmut           0%         N/A       100%        7


Dungeon Overview and Level Annotations

Branches:
Dungeon (15/15)            Temple (1/1) D:5            Lair (6/6) D:8
 Shoals (0/4) Lair:4        Snake (0/4) Lair:2        Slime (0/5) Lair:5
    Orc (0/2) D:11        Gauntlet (visited)
 Vaults: D:13-14     Depths: D:15

Altars:
Ashenzari
Cheibriados
Dithmenos
Elyvilon
Gozag
Hepliaklqana
Kikubaaqudgha
Makhleb
Nemelex Xobeh
Okawaru
Qazlal
Ru
Sif Muna
Trog
Uskayaw
Vehumet
Wu Jian
Xom
Yredelemnul
Zin
The Shining One

Shops:
D:2 [

Annotations:
D:3 Ijyb


Innate Abilities, Weirdness & Mutations

You are too large for most types of armour.
You have claws for hands.
Your natural rate of healing is unusually fast.
You are covered in fur. (AC +1)
You have tough skin. (AC +1)


Message History

The komodo dragon bites you but does no damage.
The komodo dragon is engulfed in freezing vapours.
The komodo dragon bites you!
* * * LOW HITPOINT WARNING * * *
The wolf bites you.
* * * LOW HITPOINT WARNING * * *
A hell rat scurries out from under your cloak.
The komodo dragon bites you.
* * * LOW HITPOINT WARNING * * *
The wolf completely misses you.
The polar bear is engulfed in blazing flames.
The polar bear goes berserk!
The komodo dragon bites you but does no damage.
The komodo dragon is engulfed in freezing vapours.
The komodo dragon bites you!
* * * LOW HITPOINT WARNING * * *
The wolf is engulfed in blazing flames.
The wolf bites you.
* * * LOW HITPOINT WARNING * * *
The polar bear is engulfed in blazing flames.
You kill the polar bear!
Qazlal accepts your kill.
The storm surrounding you is now powerful enough to repel missiles.
You will now adapt resistances upon receiving elemental damage.
The komodo dragon bites you!
* * * LOW HITPOINT WARNING * * *
The komodo dragon bites you!
* * * LOW HITPOINT WARNING * * *
The wolf is engulfed in blazing flames.
The wolf bites you but does no damage.
Your hell rat bites the komodo dragon.
Your hell rat drains the komodo dragon.
The komodo dragon is engulfed in freezing vapours.
The komodo dragon bites you!!
* * * LOW HITPOINT WARNING * * *
A river rat scurries out from under your cloak.
The wolf is engulfed in blazing flames.
You kill the wolf!
Qazlal accepts your kill. The komodo dragon bites you.
* * * LOW HITPOINT WARNING * * *
The komodo dragon bites you!!
You die...

########## ### ###### ### ####
#..##.##.#####.##
#....###.###P.###.##.###....##.#.
...............☼l................
.##+............@l........####P#.
#.#.###.....#..l.rr..P...########
##..P#.....##.##..#.##P...#.#..##
##..P.P....##..#.#..###....#.....
.....................##...##.....
PP.........#.........##...##.....
P##.#.#.............##....###....
##.##.......#......#.##...##.P..#
...#.......#....#.##......#.P....


You could see 3 komodo dragons, a friendly hell rat and a friendly river rat.

Vanquished Creatures
  Azrael (D:11)
  Nessos (D:13)
  A minotaur (Gauntlet)
  Josephine (D:13)
  The ghost of Wyefet Iweni the Blocker, a journeyman MiFi of Makhleb (Lair:1)
  An ice dragon (Lair:1)
  6 hydras
  3 boulder beetles
  A catoblepas (D:13)
  5 two-headed ogres
  3 centaur warriors
  2 death knights
  2 skeletal warriors (D:13)
  2 swamp dragons (Lair:4)
  2 phantasmal warriors (D:15)
  A lindwurm (Lair:5)
  2 deep elf pyromancers
  Pikel (D:7)
  A necromancer (Gauntlet)
  13 ugly things
  4 cyclopes
  A manticore (D:14)
  4 black mambas
  4 elephants (Lair:3)
  2 gargoyles (D:12)
  9 cane toads
  A minotaur zombie (Gauntlet)
  4 rime drakes
  Maggie (D:7)
  A freezing wraith (D:13)
  11 komodo dragons
  4 efreet
  2 tengu conjurers (D:13)
  A guardian mummy (D:13)
  5 trolls
  A polar bear (Lair:5)
  A harpy zombie (D:13)
  9 slime creatures
  15 blink frogs
  6 hornets
  Prince Ribbit (D:7)
  A tyrant leech (Gauntlet)
  A snapping turtle (Lair:4)
  8 wraiths
  5 wyverns
  5 basilisks
  15 yaks
  A shadow (D:12)
  7 fire elementals
  Eustachio (D:6)
  11 vampire mosquitoes
  Menkaure (D:6)
  7 swamp worms
  Duvessa (D:6)
  3 nagas (Lair:2)
  A swamp drake (Lair:4)
  4 hell hounds
  16 water moccasins
  A hornet zombie (D:6)
  2 sky beasts (D:6)
  5 black bears
  5 orc warriors
  8 ogres
  2 necrophages
  2 black mamba simulacra (Lair:1)
  3 phantoms
  15 wolves
  11 centaurs
  2 lemures (D:7)
  A kobold brigand (D:9)
  6 bullfrogs
  A wyvern zombie (D:5)
  8 scorpions
  Dowan (D:6)
  12 killer bees
  2 oklob saplings (D:9)
  An electric eel (Lair:3)
  4 centaur zombies
  A wyvern simulacrum (Lair:1)
  2 centaur skeletons
  2 komodo dragon simulacra (Lair:1)
  4 jellies
  2 hounds
  3 gnoll shamans (D:9)
  7 orc priests
  3 iguanas
  9 orc wizards
  7 hell rats
  A yak simulacrum (Lair:1)
  A basilisk simulacrum (Lair:1)
  3 mummies (D:13)
  16 gnolls
  6 river rats (D:6)
  14 adders
  2 worms
  7 dart slugs
  34 orcs
  6 endoplasms
  3 giant cockroaches
  2 goblins
  11 hobgoblins
  10 jackals
  3 quokkas
  14 ball pythons
  3 bats
  4 frilled lizards
  8 kobolds
  19 rats
  2 butterflies (Lair:1)
526 creatures vanquished.

Vanquished Creatures (collateral kills)
  A hydra (Lair:3)
  A naga (Lair:2)
  A swamp drake (Lair:4)
  An ogre (D:6)
  A bullfrog (Lair:5)
5 creatures vanquished.

Vanquished Creatures (others)
  A tyrant leech (Lair:4)
  A yak (Lair:4)
  A basilisk (D:12)
  A swamp worm (Lair:4)
  18 fungi
  83 plants
  3 withered plants (D:13)
108 creatures vanquished.

Grand Total: 639 creatures vanquished

Notes
Turn   | Place    | Note
-------+----------+-------------------------------------------
     0 | D:1      | wakim the Troll Fighter began the quest for the Orb.
     0 | D:1      | Reached XP level 1. HP: 22/22 MP: 0/0
   142 | D:1      | Reached XP level 2. HP: 29/29 MP: 1/1
   617 | D:1      | Reached XP level 3. HP: 36/36 MP: 2/2
  1158 | D:2      | Reached skill level 3 in Unarmed Combat
  1163 | D:2      | Reached XP level 4. HP: 40/44 MP: 3/3
  1342 | D:2      | Found a faded altar of an unknown god.
  1445 | D:2      | Reached XP level 5. HP: 53/53 MP: 4/4
  1598 | D:2      | Found Yddaorum's Armour Emporium.
  1608 | D:3      | Noticed Ijyb
  1711 | D:3      | Noticed a phantom
  1736 | D:3      | Killed a phantom
  1737 | D:3      | Reached skill level 4 in Unarmed Combat
  2544 | D:4      | Reached XP level 6. HP: 29/61 MP: 5/5
  2913 | D:4      | Reached skill level 5 in Unarmed Combat
  2913 | D:4      | Reached XP level 7. HP: 61/68 MP: 6/6
  3366 | D:5      | Entered Level 5 of the Dungeon
  3440 | D:5      | Found a white marble altar of Elyvilon.
  3476 | D:5      | Found a staircase to the Ecumenical Temple.
  3877 | D:5      | Reached skill level 6 in Unarmed Combat
  3964 | D:5      | Reached XP level 8. HP: 70/78 MP: 7/7
  4096 | Temple   | Entered the Ecumenical Temple
  4209 | Temple   | Became a worshipper of Qazlal Stormbringer
  4477 | D:6      | Reached skill level 1 in Invocations
  4508 | D:6      | Reached skill level 7 in Unarmed Combat
  4520 | D:6      | Noticed Eustachio
  4534 | D:6      | Killed Eustachio
  4627 | D:6      | Found the +2 ratskin cloak {*Rats rPois rN+ Str-1 Int-1
                  | Dex+1}
  4655 | D:6      | Reached * piety under Qazlal
  4666 | D:6      | Reached XP level 9. HP: 87/87 MP: 9/9
  4879 | D:6      | Noticed Menkaure
  4886 | D:6      | Killed Menkaure
  4962 | D:6      | Noticed Dowan
  5008 | D:6      | Noticed Duvessa
  5028 | D:6      | Killed Duvessa
  5029 | D:6      | Reached skill level 5 in Shields
  5033 | D:6      | Killed Dowan
  5151 | D:6      | Reached skill level 5 in Fighting
  5151 | D:6      | Reached skill level 5 in Dodging
  5341 | D:6      | Found a glowing golden altar of the Shining One.
  5942 | D:7      | Noticed Pikel
  5955 | D:7      | Killed Pikel
  5956 | D:7      | Reached skill level 8 in Unarmed Combat
  6207 | D:7      | Noticed Prince Ribbit
  6213 | D:7      | Killed Prince Ribbit
  6316 | D:7      | Noticed Maggie
  6330 | D:7      | Killed Maggie
  6559 | D:8      | Reached ** piety under Qazlal
  6624 | D:8      | Reached XP level 10. HP: 80/96 MP: 12/12
  6675 | D:8      | Noticed a boulder beetle
  6732 | D:8      | Killed a boulder beetle
  6733 | D:8      | Reached skill level 5 in Invocations
  6819 | D:8      | Found a burning altar of Makhleb.
  6932 | D:8      | Found a staircase to the Lair.
  6972 | D:8      | Reached skill level 9 in Unarmed Combat
  7332 | D:9      | Found an ornate altar of the Wu Jian Council.
  7546 | D:9      | Reached *** piety under Qazlal
  7595 | D:9      | Found a broken altar of Ashenzari.
  7872 | D:9      | Identified Sif Muna's Papyrus of Nature
  8010 | D:9      | Reached XP level 11. HP: 105/105 MP: 14/14
  8457 | D:10     | Entered Level 10 of the Dungeon
  8568 | D:10     | Found a large runed translucent door.
  8569 | D:10     | Found a large runed translucent door.
  8915 | D:10     | Reached **** piety under Qazlal
  9028 | D:10     | Noticed a boulder beetle
  9030 | D:10     | Noticed a four-headed hydra
  9148 | D:9      | Killed a four-headed hydra
  9149 | D:9      | Reached skill level 10 in Unarmed Combat
  9317 | D:10     | Killed a boulder beetle
  9640 | D:10     | Found a sparkling altar of Nemelex Xobeh.
  9690 | D:10     | Found a shimmering altar of Xom.
  9767 | D:10     | Found a glowing silver altar of Zin.
  9921 | D:11     | Found an ornate altar of the Wu Jian Council.
  9947 | D:11     | Noticed a two-headed ogre
  9990 | D:11     | Killed a two-headed ogre
 10060 | D:11     | Found a staircase to the Orcish Mines.
 10622 | D:11     | Noticed a two-headed ogre
 10627 | D:11     | Killed a two-headed ogre
 10949 | D:12     | Reached XP level 12. HP: 91/115 MP: 16/16
 11095 | D:12     | Identified the -2 pair of boots "Juxiwn" {rElec rCorr
                  | Slay+2}
 11141 | D:12     | Reached skill level 11 in Unarmed Combat
 11384 | D:12     | Noticed Azrael
 11474 | D:11     | Killed Azrael
 11652 | D:12     | Identified a scroll of acquirement
 11652 | D:12     | Acquired 918 gold pieces
 11792 | D:13     | Noticed a catoblepas
 11795 | D:13     | Found a basalt altar of Yredelemnul.
 11826 | D:13     | Killed a catoblepas
 11908 | D:13     | Found a gate leading to a gauntlet.
 11912 | Gauntlet | Entered a Gauntlet
 11912 | Gauntlet | Found a transporter.
 11912 | Gauntlet | Found a transporter.
 11916 | Gauntlet | Found a transporter.
 11917 | Gauntlet | Found a transporter.
 11922 | Gauntlet | Noticed a dire elephant
 11923 | Gauntlet | Found a transporter.
 11930 | Gauntlet | Found a transporter.
 11930 | Gauntlet | Noticed a hell beast
 11935 | Gauntlet | Found a transporter.
 11936 | Gauntlet | Found a large runed translucent door.
 11937 | Gauntlet | Found a large runed translucent door.
 11938 | Gauntlet | Found a large runed translucent door.
 11938 | Gauntlet | Found a large runed translucent door.
 11939 | Gauntlet | Found a runed translucent gate.
 11940 | Gauntlet | Found a large runed translucent door.
 11940 | Gauntlet | Found a large runed translucent door.
 11940 | Gauntlet | Found a runed translucent door.
 11940 | Gauntlet | Found a transporter.
 11940 | Gauntlet | Found a runed translucent gate.
 11940 | Gauntlet | Found a transporter.
 11941 | Gauntlet | Found a large runed translucent door.
 11941 | Gauntlet | Found a runed translucent gate.
 11941 | Gauntlet | Found a runed translucent door.
 11942 | Gauntlet | Found a large runed translucent door.
 11944 | Gauntlet | Found a transporter.
 11959 | Gauntlet | Found a large runed translucent door.
 11959 | Gauntlet | Found a large runed translucent door.
 11960 | Gauntlet | Found a large runed translucent door.
 11961 | Gauntlet | Found a large runed translucent door.
 12006 | Gauntlet | Found a transporter.
 12014 | Gauntlet | Noticed a death scarab
 12075 | Gauntlet | Found a transporter.
 12091 | Gauntlet | Found a transporter.
 12104 | Gauntlet | Found a transporter.
 12191 | Gauntlet | Found a transporter.
 12196 | Gauntlet | Noticed a death scarab
 12205 | Gauntlet | Found a transporter.
 12220 | Gauntlet | Found a large runed translucent door.
 12221 | Gauntlet | Found a large runed translucent door.
 12222 | Gauntlet | Found a large runed translucent door.
 12223 | Gauntlet | Found a large runed translucent door.
 12362 | Gauntlet | Reached skill level 12 in Unarmed Combat
 12450 | Gauntlet | Identified the +0 hat of Vide {Rampage rF+ Int+3 Dex+4}
 12545 | Gauntlet | Identified the +8 hand crossbow of Beogh's Inspiration
                  | {penet, Int+3}
 12545 | Gauntlet | Noticed a minotaur
 12555 | Gauntlet | Killed a minotaur
 12875 | D:13     | Reached XP level 13. HP: 88/127 MP: 18/18
 12905 | D:13     | Noticed Josephine
 12910 | D:13     | Killed Josephine
 13018 | D:13     | Noticed Nessos
 13034 | D:13     | Killed Nessos
 13268 | D:13     | Reached skill level 1 in Armour
 13395 | D:13     | You are sucked into a shaft and drop 2 floors!
 13395 | D:15     | Entered Level 15 of the Dungeon
 13412 | D:15     | Reached skill level 13 in Unarmed Combat
 13660 | D:14     | Found a flickering gateway to a bazaar.
 13671 | Bazaar   | Entered a bazaar
 13672 | Bazaar   | Found Neppewaa's Book Shop.
 13675 | Bazaar   | Found Kickaoq's Antique Armour Shoppe.
 13681 | Bazaar   | Found Xeq Xun's Distillery.
 13703 | Bazaar   | Found Dadux's Armour Shoppe.
 13708 | Bazaar   | Found Niroz's Assorted Antiques.
 13719 | Bazaar   | Bought a scroll labelled LUPTOUKLEE for 24 gold pieces
 13743 | Bazaar   | Bought a scroll of acquirement for 1248 gold pieces
 13750 | Bazaar   | Bought a +1 tower shield of fire resistance for 165 gold
                  | pieces
 13762 | D:14     | Acquired the amulet "Echajo" {Spirit Will+}
 13764 | D:14     | Acquired the quicksilver dragon scales of Yleherr {Will+
                  | rCorr Dex+5 Stlth-}
 13825 | D:14     | Found an opulent altar of Gozag.
 14243 | Lair:1   | Entered Level 1 of the Lair of Beasts
 14271 | Lair:1   | Reached XP level 14. HP: 140/140 MP: 20/20
 14373 | Lair:1   | Reached ***** piety under Qazlal
 14390 | Lair:1   | Identified the +8 hand crossbow "Kusuetho" {speed, rElec
                  | rF- rN+ Int+5}
 14445 | Lair:1   | Reached skill level 5 in Armour
 14555 | Lair:1   | Noticed Wyefet Iweni's ghost (journeyman MiFi)
 14565 | Lair:1   | Found a runed translucent gate.
 14565 | Lair:1   | Found a runed translucent gate.
 14565 | Lair:1   | Found a runed translucent gate.
 15117 | Lair:1   | Killed Wyefet Iweni's ghost
 15118 | Lair:1   | Reached skill level 10 in Invocations
 15181 | Lair:1   | Identified the ring "Qytsiaji" {Fire rElec Str-3 Int+6
                  | Dex+2}
 15576 | Lair:2   | Found a staircase to the Snake Pit.
 16263 | Lair:3   | Reached skill level 10 in Shields
 17271 | Lair:4   | Reached skill level 14 in Unarmed Combat
 18248 | Lair:4   | Found a staircase to the Shoals.
 18291 | Lair:4   | Upgraded the game from 0.27-a0-1193-g8631133539 to
                  | 0.27-a0-1196-g3e9cee4cb2
 18461 | Lair:5   | Found a staircase to the Slime Pits.
 19113 | Lair:6   | Entered Level 6 of the Lair of Beasts
 19132 | Lair:5   | Slain by a komodo dragon

Illustrated notes

Levels and vault maps discovered:
D:1:      minmay_arrival_stone_box, layout_basic
D:2:      layout_rooms, ebering_ecumenical_altar_petrified, serial_shops,
          nicolae_shop_behind_doors
D:3:      layout_basic, uniq_ijyb
D:4:      wander_river, layout_basic
D:5:      layout_loops_ring, marbit_many_paths, minmay_temple_entry_ruins
D:6:      wander_guarded_unrand_ratskin, layout_layer_cave,
          lemuel_crystal_altar, hangedman_decor_opposing, uniq_menkaure,
          uniq_eustachio, uniq_duvessa
D:7:      layout_basic, uniq_pikel, uniq_maggie, uniq_prince_ribbit1
D:8:      layout_basic, bloody_makhleb, david_lair_shrubbed
D:9:      kennysheep_seaside_town, layout_rooms, lemuel_round_altar,
          fedhas_altar_2, nicolae_ashenzari_panopticon, introduction_to_nature_1
D:10:     kennysheep_big_flooded_room, layout_basic, kennysheep_mini_moat,
          jmf_multi_god_temple2
D:11:     layout_roguey, david_orc_2, grunt_ministairs_3,
          nicolae_wu_jian_wuxing_cycle
D:12:     layout_loops_cross, st_stairs_5, minmay_lizard_king, uniq_azrael
D:13:     layout_roguey, gauntlet_entry_generic, serial_undead, serial_undead_f,
          serial_undead_a, serial_undead_d, serial_undead_d,
          yredelemnul_altar_generic, uniq_nessos, uniq_josephine
D:14:     layout_gridville, grunt_vaults_entry_fortified,
          grunt_gozag_breadcrumbs, serial_shops, bzr_in_the_mist
D:15:     grunt_enter_depths_magical_seal, layout_loops_cross,
          minmay_misc_feat_plants, tgw_sif
Temple:   dshaligram_water_room_temple
Lair:1:   layout_long_grid, gammafunk_ghost_icy, bh_autumn_forest_stairs,
          hibernation_bobbens, lemuel_fruit_fields
Lair:2:   nzn_winding_woodlands_cross [nzn_winding_woodlands_5x15_zeroes,
          nzn_winding_woodlands_5x15_default,
          nzn_winding_woodlands_5x15_pockets,
          nzn_winding_woodlands_5x15_split_checker,
          nzn_winding_woodlands_15x15_boxy_spiral], layout_hall_layers,
          minmay_snake_entry_guardpost_small, serial_bayou_shore_b
Lair:3:   layout_gridlike, serial_bayou_lagoon_a, grunt_megastairs_3
Lair:4:   onia_ninara_swampy_vault, layout_cave_pods, minmay_shoals_entry_hut,
          serial_bayou_pond_a
Lair:5:   layout_regular_city, minmay_slime_entry_pillars
Lair:6:   due_jungle_book, layout_loops_ring, lemuel_oklob_altar

Skill      XL: |  1  2  3  4  5  6  7  8  9 10 11 12 13 14 |
---------------+-------------------------------------------+-----
Unarmed Combat | 3 4 5 6 7 8 9 10 12 13 14 | 14.1
Fighting       | 3 4 5 6 7 9 |  9.0
Dodging        | 3 4 5 6 7 8 |  8.3
Shields        | 3 4 6 7 8 9 10 | 10.7
Invocations    | 2 4 6 7 8 9 11 | 11.0
Armour         | 4 5 |  5.0

Action                   |  1- 3 |  4- 6 |  7- 9 | 10-12 | 13-15 || total
-------------------------+-------+-------+-------+-------+-------++-------
Melee: Unarmed           |    86 |   141 |   292 |   676 |   649 ||  1844
Throw: Dart              |       |       |       |     9 |       ||     9
Invok: Upheaval          |       |       |       |    10 |    27 ||    37
  Use: Scroll            |       |     5 |     8 |     8 |     8 ||    29
       Potion            |       |       |       |       |     1 ||     1
 Stab: Sleeping          |       |       |     2 |       |       ||     2
       Distracted        |       |       |     1 |       |       ||     1
       Petrifying        |       |       |       |     2 |       ||     2
Armor: Robe              |    28 |    38 |    52 |       |       ||   118
       Swamp dragon scal |       |       |     8 |   167 |   110 ||   285
       Skin              |       |       |     2 |       |       ||     2
       Quicksilver drago |       |       |       |       |   134 ||   134
Dodge: Dodged            |    27 |    51 |    95 |   156 |   271 ||   600
       Repelled          |       |       |       |       |     7 ||     7
Block: Kite shield       |    49 |    44 |   129 |   548 |   394 ||  1164
       Reflection        |       |       |     1 |    22 |       ||    23
       Tower shield      |       |       |       |       |   276 ||   276

Table legend: (Time is in decaauts)
 A = Elapsed time spent in this place.
 B = Non-inter-level travel time spent in this place.
 C = Inter-level travel time spent in this place.
 D = Time resting spent in this place.
 E = Time spent auto-exploring this place.
 F = Levels seen in this place.
 G = Mean time per level.
                   A        B        C        D        E       F      G
               +--------+--------+--------+--------+--------+-----+--------+
         Total |  18979 |  18133 |    846 |     80 |  13559 |  24 |  790.8 |
       Dungeon |  13240 |  12529 |    711 |     80 |   9140 |  15 |  882.7 |
        Temple |    133 |    114 |     19 |      0 |    109 |   1 |  133.0 |
          Lair |   4813 |   4698 |    115 |      0 |   3887 |   6 |  802.2 |
        Bazaar |     87 |     87 |      0 |      0 |     47 |   1 |   87.0 |
      Gauntlet |    704 |    704 |      0 |      0 |    376 |   1 |  704.0 |
               +--------+--------+--------+--------+--------+-----+--------+

Top non-repeatable levels by time:
     D:6: 1545 daAuts
    D:10: 1340 daAuts
     D:9: 1326 daAuts
    D:13: 1120 daAuts
     D:1: 1096 daAuts
  Lair:4: 1036 daAuts
  Lair:3: 998 daAuts
  Lair:1: 981 daAuts
    D:11: 970 daAuts
  Lair:2: 967 daAuts
     D:3: 906 daAuts
     D:4: 873 daAuts
     D:8: 836 daAuts
    D:12: 820 daAuts
  Lair:5: 818 daAuts
